 Dungeon Crawl Stone Soup version 0.26.1-11-gd32895ea62 (webtiles) character file.

Game seed: 2297266656986285702

136 Zeld the Sneak (level 5, 0/34 HPs)
             Began as an Octopode Brigand on May 16, 2021.
             Was an Initiate of Fedhas.
             Slain by Grinder (1 damage)
             ... while paralysed by Grinder
             ... on level 3 of the Dungeon.
             The game lasted 00:02:09 (1917 turns).

Zeld the Sneak (Octopode Brigand)                   Turns: 1917, Time: 00:02:09

Health: 0/34       AC:  1    Str: 11    XL:     5   Next: 19%
Magic:  8/8        EV:  2    Int: 13    God:    Fedhas [......]
Gold:   92         SH:  0    Dex: 14    Spells: 8/8 levels left

rFire    . . .     SeeInvis .   a - +2 dagger
rCold    . . .     Faith    .   (no shield)
rNeg     . . .     Spirit   .   (helmet restricted)
rPois    .         Reflect  .   (no amulet)
rElec    .         Harm     .   (no ring)
rCorr    .         Rampage  .   (no ring)
Will     .....                  (no ring)
Stlth    ++++......             (no ring)
HPRegen  0.11/turn              (no ring)
MPRegen  0.11/turn              (no ring)
                                (no ring)
                                (no ring)

@: paralysed
A: almost no armour, stealthy swim, amphibious, 8 rings, constrict 8, camouflage
1, gelatinous body 1
a: Renounce Religion


You were on level 3 of the Dungeon.
You worshipped Fedhas.
Fedhas was noncommittal.
You visited 1 branch of the dungeon, and saw 3 of its levels.

You collected 92 gold pieces.

Inventory:

Hand Weapons
 a - a +2 dagger (weapon)
Missiles
 b - 8 poisoned darts (quivered)
 c - 2 curare-tipped darts
Scrolls
 d - 2 scrolls of teleportation {unknown}
 f - a scroll of magic mapping {unknown}
 h - a scroll of noise {unknown}
Potions
 e - a potion of ambrosia {unknown}
 g - a potion of haste {unknown}
 i - a potion of curing {unknown}


   Skills:
 - Level 2.0 Fighting
 - Level 2.0 Short Blades
 * Level 4.4 Throwing
 - Level 1.0 Dodging
 - Level 5.3 Stealth
 + Level 2.2 Spellcasting


You had 8 spell levels left.
You didn't know any spells.
Your spell library was empty.

Dungeon Overview and Level Annotations

Branches:
Dungeon (3/15)

Altars:
Fedhas
Qazlal

Annotations:
D:3 Grinder


Innate Abilities, Weirdness & Mutations

You cannot wear most types of armour.
You are very stealthy in the water. (Stealth+)
You are amphibious.
You can wear up to eight rings at the same time.
You can use your tentacles to constrict eight enemies at once.
Your skin changes colour to match your surroundings (Stealth+).
Your rubbery body absorbs attacks. (AC +1, EV +1)


Message History

Grinder is moderately wounded.
You constrict Grinder. Grinder gestures at you. Pain shoots through your body!
You are too injured to fight recklessly!
Unknown command.
You are too injured to fight recklessly!
Unknown command.
You are too injured to fight recklessly!
You hit Grinder. You squeeze Grinder.
Grinder is moderately wounded.
You constrict Grinder. Grinder gestures at you.
You suddenly lose the ability to move!
You lose your grip on Grinder.
Grinder hits you. Grinder hits you!
* * * LOW HITPOINT WARNING * * *
You writhe in agony.
You die...
Fedhas appreciates your contribution to the ecosystem.

.....PPPPP..#......#
##...5.PP##.#......#
.......####w#.######
#...... ##>#.#
##.....w ..#.#
#..#.... #.#.#
.$.#.....#.#.######
......5.......#
#.....@......#
............).#
.#............+
#............#
#......?.....#
#............#
####+####....# ....#


You could see Grinder, a worm and a dart slug.

Vanquished Creatures
  Jessica (D:2)
  An iguana (D:2)
  2 adders (D:2)
  2 oozes (D:1)
  A worm (D:2)
  2 dart slugs
  4 leopard geckos
  3 giant cockroaches
  A goblin (D:2)
  8 hobgoblins
  3 ball pythons
  5 bats
  8 frilled lizards
  6 kobolds (D:2)
  4 rats
51 creatures vanquished.

Vanquished Creatures (others)
  A fungus (D:3)
  2 plants (D:3)
3 creatures vanquished.

Grand Total: 54 creatures vanquished

Notes
Turn   | Place    | Note
-------+----------+-------------------------------------------
     0 | D:1      | Zeld the Octopode Brigand began the quest for the Orb.
     0 | D:1      | Reached XP level 1. HP: 14/14 MP: 1/1
   274 | D:1      | Reached XP level 2. HP: 19/19 MP: 1/3
   456 | D:1      | Reached skill level 1 in Spellcasting
   559 | D:1      | Reached XP level 3. HP: 15/24 MP: 4/4
  1060 | D:2      | Reached XP level 4. HP: 29/29 MP: 4/6
  1351 | D:2      | Noticed Jessica
  1357 | D:2      | Killed Jessica
  1427 | D:2      | Reached XP level 5. HP: 34/34 MP: 8/8
  1888 | D:3      | Found a blossoming altar of Fedhas.
  1891 | D:3      | Noticed Grinder
  1892 | D:3      | Found a stormy altar of Qazlal.
  1895 | D:3      | Became a worshipper of Fedhas Madash
  1915 | D:3      | Paralysed by Grinder for 7 turns
  1917 | D:3      | HP: 1/34 [Grinder (10)]
  1917 | D:3      | Slain by Grinder

Illustrated notes

Levels and vault maps discovered:
D:1:      giann_horns, layout_loops_ring, hangedman_decor_points
D:2:      layout_loops_ring, uniq_jessica
D:3:      layout_basic, grunt_temple_overflow_forces_of_nature,
          cheibrodos_sewer_entry_sluice, palyth_stone_intersect, tso_altar,
          uniq_grinder

Skill      XL: |  1  2  3  4 |
---------------+-------------+-----
Spellcasting   | 1 2 |  2.2
Throwing       | 3 4 |  4.4
Fighting       | |  2.0
Short Blades   | |  2.0
Dodging        | |  1.0
Stealth        | |  5.3

Action                   |  1- 3 |  4- 6 || total
-------------------------+-------+-------++-------
Melee: Dagger            |    38 |    48 ||    86
       Constrict         |     6 |     7 ||    13
       Tentacles         |     5 |     6 ||    11
 Stab: Sleeping          |    12 |    17 ||    29
       Distracted        |       |     1 ||     1
Armor: Skin              |       |     5 ||     5
Dodge: Dodged            |    16 |    16 ||    32
